 Dungeon Crawl Stone Soup version 0.31-a0-664-g902f515a81 (webtiles) character file.

Game seed: 5003577626669485281

64956 DocSulfur the Severer (level 15, -10/95 HPs)
             Began as a Gargoyle Berserker on Sept 2, 2023.
             Was a High Priest of Trog.
             Mangled by a dire elephant simulacrum (36 damage)
             ... on level 5 of the Lair of Beasts.
             The game lasted 01:13:19 (22406 turns).

DocSulfur the Severer (Gargoyle Berserker)         Turns: 22406, Time: 01:13:20

Health: -10/95     AC: 38    Str: 25    XL:     15   Next: 14%
Magic:  24/24      EV:  8    Int:  9    God:    Trog [*****.]
Gold:   1012       SH: 16    Dex: 11    Spells: 14/14 levels left

rFire   . . .        O - +4 flail
rCold   . . .        R - +0 kite shield
rNeg    + + .        S - +5 scale mail of the Hanged Man {rN+ MP+9}
rPois   ∞            (no helmet)
rElec   +            z - +0 cloak
rCorr   .            U - +0 pair of gloves
SInv    .            W - +0 pair of boots
Will    ++...        G - amulet of reflection Stlth
                     F - +4 ring of protection
HPRegen 0.35/turn    A - +4 ring of protection
MPRegen 0.19/turn

%: reflection
@: about to teleport, on berserk cooldown, flying, slowed, constricted, very
slow
A: sickness immunity, AC +11, big wings, negative energy resistance 1,
electricity resistance, torment resistance 1, petrification resistance, hooves
1, strong-willed 1, screaming 2
a: Renounce Religion, Berserk, Trog's Hand, Brothers in Arms


You were on level 5 of the Lair of Beasts.
You worshipped Trog.
Trog was extremely pleased with you.
You visited 3 branches of the dungeon, and saw 18 of its levels.

You collected 1012 gold pieces.

Inventory:

Hand Weapons
 e - a +1 war axe
 J - a +3 trident
 O - a +4 flail (weapon)
Missiles
 v - 11 boomerangs (quivered)
Armour
 z - a +0 cloak (worn)
 B - a scarf of invisibility
 I - a +1 scale mail of cold resistance
 R - a +0 kite shield (worn)
 S - the +5 scale mail of the Hanged Man (worn) {rN+ MP+9}
   (You found it on level 2 of the Lair of Beasts)

   rN+:       It protects you from negative energy.
   MP+9:      It affects your magic capacity (+9).
 U - a +0 pair of gloves (worn)
 W - a +0 pair of boots (worn)
Jewellery
 m - a ring of see invisible
 n - a +6 ring of dexterity
 p - a ring of resist corrosion
 A - a +4 ring of protection (right hand)
 F - a +4 ring of protection (left hand)
 G - an amulet of reflection (around neck)
 T - a ring of ice
Talismans
 N - a maw talisman
Wands
 j - a wand of roots (7)
 q - a wand of flame (10)
 H - a wand of paralysis (13)
 K - a wand of polymorph (10)
 P - a wand of digging (2)
 V - a wand of quicksilver (2)
Scrolls
 c - a scroll of torment {unknown}
 f - 4 scrolls of fog
 g - 3 scrolls of enchant weapon
 k - a scroll of brand weapon {unknown}
 l - 6 scrolls of immolation
 r - 2 scrolls of blinking {unknown}
 s - 3 scrolls of teleportation
 x - 3 scrolls of poison
 y - 2 scrolls of silence
 C - a scroll of revelation {unknown}
 D - 2 scrolls of fear {unknown}
 L - 5 scrolls of vulnerability
 M - a scroll of butterflies {unknown}
 Q - 3 scrolls of enchant armour
Potions
 a - 6 potions of enlightenment
 b - a potion of attraction
 d - 2 potions of lignification
 h - a potion of berserk rage
 i - 3 potions of heal wounds {unknown}
 o - 2 potions of degeneration {unknown}
 t - 3 potions of resistance
 u - 7 potions of curing
 w - 2 potions of ambrosia {unknown}
 E - 7 potions of mutation


   Skills:
 + Level 11.6 Fighting
 - Level 16.0 Axes
 + Level 13.9 Armour
 + Level 5.5 Dodging
 + Level 11.6 Shields


You had 14 spell levels left.
You didn't know any spells.
Your spell library was empty.

Dungeon Overview and Level Annotations

Branches:
Dungeon (12/15)            Temple (1/1) D:4            Lair (5/5) D:11
  Swamp (0/4) Lair:3        Snake (0/4) Lair:3        Slime (0/5) Lair:4
    Orc (0/2) D:10

Altars:
Ashenzari
Cheibriados
Dithmenos
Elyvilon
Fedhas
Gozag
Hepliaklqana
Kikubaaqudgha
Makhleb
Nemelex Xobeh
Okawaru
Qazlal
Ru
Sif Muna
Trog
Uskayaw
Vehumet
Wu Jian
Xom
Yredelemnul
Zin
The Shining One

Shops:
D:2 :

Portals:
Trove: D:11 (give 4 scrolls of blinking)

Annotations:
D:10 2 transporters, disskorpion's ghost, journeyman FoGl
Lair:4 2 transporters, Xankemn's ghost, journeyman MiBe
Lair:5 exclusion: obsidian statue


Innate Abilities, Weirdness & Mutations

You are immune to sickness and miasma.
Your stone body is resilient. (AC +11)
You are immune to poison.
Your large and strong wings let you fly.
You resist negative energy. (rN+)
You are resistant to electric shocks. (rElec)
You are resistant to unholy torment.
You are immune to petrification.
You have large cloven feet.
You are strong-willed. (Will+)
You frequently scream uncontrollably at your foes.


Message History

You sock the dire elephant simulacrum!
The dire elephant simulacrum is moderately damaged.
You are no longer berserk.
You are exhausted.
You feel yourself slow down.
The spectral anaconda closely misses you.
The spectral anaconda constricts you.
You block the spectral anaconda's attack.
The spectral anaconda constricts you.
The dire elephant simulacrum tramples you!
You are held in place!
The dire elephant simulacrum trunk-slaps you but does no damage.
You hit the dire elephant simulacrum.
The dire elephant simulacrum is moderately damaged.
The spectral anaconda bites you! The spectral anaconda constricts you.
The spectral anaconda barely misses you.
The spectral anaconda constricts you.
The dire elephant simulacrum tramples you but does no damage.
The dire elephant simulacrum closely misses you.
As you read the scroll of teleportation, it crumbles to dust.
You feel strangely unstable.
The spectral anaconda closely misses you.
The spectral anaconda constricts you.
The spectral anaconda bites you but does no damage.
The spectral anaconda constricts you. The spectral anaconda bites you.
The spectral anaconda constricts you.
You block the dire elephant simulacrum's attack.
The dire elephant simulacrum trunk-slaps you.
The dire elephant simulacrum freezes you!!
The spectral anaconda's grasp on you weakens, but your attempt to escape fails.
You block the spectral anaconda's attack.
The spectral anaconda constricts you.
The spectral anaconda bites you but does no damage.
The spectral anaconda constricts you.
* * * LOW HITPOINT WARNING * * *
You block the dire elephant simulacrum's attack.
The dire elephant simulacrum trunk-slaps you.
* * * LOW HITPOINT WARNING * * *
The dire elephant simulacrum freezes you!!!
You die...

#.<....###..............######
###......#...................P#
##..............................
#.......^................†......
#.♣#♣####♣.......♣########'''###
###########♣...P###.............
#8.....##♣♣♣##...#####8.⌠.8##
#[.....# ####.### .###8.8##
#8.....####Z@..# ~~.######
#########'#...Z#### ≈≈≈≈#8YY.8#
##: #.#)####.8#.~≈≈≈'...?$# ##
#...#P...p'Y.~≈~'...(=# #♣8
#8..#.Z..8##.~~## ...8# #.).♣
####''#''#### ## #....#........#
♣...........# ♣♣.........##


You could see a spectral anaconda and a dire elephant simulacrum.

Vanquished Creatures
  2 dire elephants (Lair:5)
  Snorg (D:10)
  Fannar (Lair:1)
  4 hydras
  A ghost crab (Lair:3)
  3 centaur warriors (D:8)
  3 two-headed ogres
  A boulder beetle (D:12)
  12 death yaks (Lair:5)
  A spectral death yak (Lair:5)
  A skyshark (Lair:3)
  A spectral catoblepas (Lair:3)
  A fire crab (Lair:5)
  A spectral hydra (Lair:3)
  2 necromancers (Lair:5)
  An ugly thing (D:8)
  A dire elephant zombie (Lair:5)
  A torpor snail (Lair:4)
  A black mamba (Lair:5)
  A gargoyle (D:11)
  12 cane toads
  A kobold demonologist (D:8)
  16 rime drakes
  11 komodo dragons
  A troll (D:8)
  A meliai (D:8)
  A polar bear (Lair:2)
  Prince Ribbit (D:5)
  4 hornets
  16 blink frogs
  9 dream sheep
  2 wraiths
  2 shadows
  2 vampires (D:9)
  4 wyverns
  A spriggan (Lair:2)
  A fire elemental (D:10)
  61 yaks
  4 fire bats (D:10)
  13 steam dragons
  3 vampire mosquitoes
  A death yak simulacrum (Lair:5)
  4 acid dragons
  2 spectral cane toads
  A hell hound (D:10)
  15 water moccasins
  A sky beast (D:7)
  8 orc warriors
  5 ice beasts
  4 black bears
  3 ogres
  6 centaurs
  A boggart (shapeshifter) (D:8)
  15 wolves
  2 phantoms
  A kobold brigand (D:8)
  A spectral wyvern (Lair:3)
  20 bullfrogs
  A gnoll sergeant (D:7)
  4 scorpions
  2 cane toad simulacra (Lair:5)
  9 wights
  9 killer bees
  2 elephant simulacra (Lair:5)
  3 electric eels (D:10)
  7 howler monkeys
  4 lava snakes
  Crazy Yiuf (D:4)
  A gnoll bouda (D:5)
  8 orc priests
  3 hounds
  3 iguanas
  2 sleepcaps
  5 hell rats (Lair:4)
  23 orc wizards
  11 adders
  15 gnolls
  A shadow imp (D:5)
  A white imp (D:8)
  A howler monkey simulacrum (D:9)
  An ufetubus (D:4)
  5 dart slugs
  59 orcs
  3 ball pythons
  11 endoplasms
  4 giant cockroaches
  3 goblins
  6 hobgoblins
  7 jackals
  3 quokkas
  2 bats
  2 frilled lizards
  15 kobolds
  10 rats
543 creatures vanquished.

Vanquished Creatures (collateral kills)
  A hydra (D:8)
  A tengu warrior (D:8)
  An ugly thing (D:8)
  A yaktaur (D:8)
  A troll (D:8)
  A yak (D:9)
  An ice beast (D:8)
  A black bear (D:8)
  A gnoll sergeant (D:8)
  An orc priest (D:8)
  An orc wizard (D:8)
  A white imp (D:8)
12 creatures vanquished.

Vanquished Creatures (others)
  A wizard (D:8)
  A steam dragon (Lair:3)
  A howler monkey (D:9)
  An orc wizard (D:8)
  An orc (D:8)
5 creatures vanquished.

Grand Total: 560 creatures vanquished

Notes
Turn   | Place    | Note
-------+----------+-------------------------------------------
     0 | D:1      | DocSulfur the Gargoyle Berserker began the quest for the
                  | Orb.
     0 | D:1      | Reached XP level 1. HP: 14/14 MP: 1/1
   237 | D:1      | Reached XP level 2. HP: 19/19 MP: 2/2
   905 | D:2      | Reached skill level 3 in Axes
   905 | D:2      | Reached XP level 3. HP: 21/23 MP: 3/3
   996 | D:2      | Reached skill level 1 in Shields
  1153 | D:2      | Reached ** piety under Trog
  1370 | D:2      | Reached XP level 4. HP: 28/28 MP: 4/4
  1457 | D:2      | Found a faded altar of an unknown god.
  1520 | D:2      | Found Coav's Book Emporium.
  2033 | D:3      | Reached XP level 5. HP: 32/32 MP: 5/5
  2299 | D:3      | Reached skill level 4 in Axes
  2996 | D:4      | Reached XP level 6. HP: 30/37 MP: 6/6
  3139 | D:4      | Found a staircase to the Ecumenical Temple.
  3156 | Temple   | Entered the Ecumenical Temple
  3315 | D:4      | Reached *** piety under Trog
  3618 | D:4      | Found a runed translucent door.
  3619 | D:4      | Noticed Crazy Yiuf
  3631 | D:4      | Killed Crazy Yiuf
  3632 | D:4      | Reached skill level 5 in Axes
  3820 | D:5      | Entered Level 5 of the Dungeon
  3969 | D:5      | Reached XP level 7. HP: 41/41 MP: 7/7
  4331 | D:5      | Reached skill level 6 in Axes
  4391 | D:5      | Noticed Prince Ribbit
  4403 | D:5      | Killed Prince Ribbit
  4404 | D:5      | Reached skill level 7 in Axes
  4468 | D:5      | Reached XP level 8. HP: 47/47 MP: 8/8
  4543 | D:5      | Reached skill level 8 in Axes
  5829 | D:6      | Reached skill level 9 in Axes
  6079 | D:6      | Found a radiant altar of Vehumet.
  6100 | D:6      | Reached XP level 9. HP: 45/51 MP: 9/9
  6133 | D:6      | Reached **** piety under Trog
  6180 | D:6      | Reached skill level 10 in Axes
  7192 | D:7      | Reached skill level 11 in Axes
  7550 | D:7      | Reached skill level 5 in Fighting
  7695 | D:7      | Reached XP level 10. HP: 59/59 MP: 10/10
  8186 | D:8      | Reached skill level 5 in Armour
  8785 | D:8      | Reached skill level 12 in Axes
  9126 | D:8      | Noticed a kobold demonologist
  9127 | D:8      | Noticed a centaur warrior
  9142 | D:8      | Killed a centaur warrior
  9151 | D:8      | Noticed a soul eater
  9161 | D:8      | Killed a kobold demonologist
  9303 | D:8      | Noticed a tengu warrior
  9308 | D:8      | Killed a tengu warrior
  9309 | D:8      | Reached XP level 11. HP: 55/67 MP: 11/11
  9311 | D:8      | Noticed an eight-headed hydra
  9313 | D:8      | Killed an eight-headed hydra
  9319 | D:8      | Reached skill level 13 in Axes
  9322 | D:8      | Noticed a centaur warrior
  9329 | D:8      | Noticed a cyan ugly thing
  9330 | D:8      | Killed a centaur warrior
  9335 | D:8      | Noticed a green ugly thing
  9341 | D:8      | Killed a cyan ugly thing
  9351 | D:8      | Gained mutation: You have large cloven feet. [potion of
                  | mutation]
  9351 | D:8      | Gained mutation: You occasionally shout uncontrollably at
                  | your foes. [potion of mutation]
  9351 | D:8      | Gained mutation: You frequently scream uncontrollably at
                  | your foes. [potion of mutation]
  9351 | D:8      | Gained mutation: You are strong-willed. (Will+) [potion of
                  | mutation]
  9359 | D:8      | Killed a green ugly thing
  9580 | D:8      | Noticed a two-headed ogre
  9796 | D:8      | Noticed a centaur warrior
  9801 | D:8      | Noticed a wizard
  9808 | D:8      | Killed a centaur warrior
  9818 | D:8      | Killed a wizard
 10249 | D:8      | Killed a two-headed ogre
 10630 | D:9      | Reached skill level 14 in Axes
 10631 | D:9      | Reached XP level 12. HP: 76/76 MP: 12/12
 10728 | D:9      | Noticed a two-headed ogre
 10746 | D:9      | Killed a two-headed ogre
 10749 | D:10     | Entered Level 10 of the Dungeon
 12249 | D:10     | Noticed Snorg
 12266 | D:10     | Killed Snorg
 12331 | D:10     | Found a transporter.
 12418 | D:10     | Reached skill level 5 in Shields
 12423 | D:10     | Noticed a two-headed ogre
 12438 | D:10     | Killed a two-headed ogre
 12529 | D:10     | Found a transporter.
 12533 | D:10     | Noticed disskorpion's ghost (journeyman FoGl)
 12556 | D:10     | Reached skill level 15 in Axes
 12652 | D:10     | Found a staircase to the Orcish Mines.
 13638 | D:11     | Found a portal to a secret trove of treasure.
 13670 | D:11     | Reached skill level 10 in Armour
 14121 | D:11     | Found a staircase to the Lair.
 14321 | D:12     | Noticed a boulder beetle
 14404 | D:12     | Killed a boulder beetle
 14522 | D:12     | Reached XP level 13. HP: 77/80 MP: 13/13
 14776 | Lair:1   | Entered Level 1 of the Lair of Beasts
 14776 | Lair:1   | Noticed Fannar
 14794 | Lair:1   | Killed Fannar
 15879 | Lair:2   | Identified the +5 scale mail of the Hanged Man {rN+ MP+9}
 16542 | Lair:2   | Reached skill level 16 in Axes
 16711 | Lair:2   | Reached ***** piety under Trog
 18311 | Lair:3   | Gained mutation: Your large and strong wings let you fly.
                  | [Gargoyle growth]
 18311 | Lair:3   | Reached XP level 14. HP: 82/86 MP: 14/14
 18420 | Lair:3   | Found a staircase to the Swamp.
 18544 | Lair:3   | Found a staircase to the Snake Pit.
 18729 | Lair:3   | Reached skill level 10 in Shields
 18752 | Lair:3   | Received a gift from Trog
 19045 | Lair:4   | Reached skill level 10 in Fighting
 19295 | Lair:4   | Found a transporter.
 19299 | Lair:4   | Noticed Xankemn's ghost (journeyman MiBe)
 19357 | Lair:4   | Found a transporter.
 20037 | Lair:4   | Found a staircase to the Slime Pits.
 20244 | Lair:5   | Entered Level 5 of the Lair of Beasts
 21458 | Lair:5   | Noticed a dire elephant
 21458 | Lair:5   | Noticed a dire elephant
 21458 | Lair:5   | Noticed a dire elephant
 21730 | Lair:5   | Reached skill level 5 in Dodging
 21767 | Lair:5   | Reached XP level 15. HP: 59/95 MP: 15/15
 22406 | Lair:5   | Mangled by a dire elephant simulacrum

Illustrated notes

Levels and vault maps discovered:
D:1:      nicolae_arrival_washed_ashore, layout_basic, minivault_4,
          minmay_hedge_maze, minmay_pentomino_s2
D:2:      minmay_kobold_bridge, layout_basic, serial_shops, shop,
          ebering_ecumenical_altar_mist
D:3:      layout_basic, amcnicky_mini_pool_small, st_stairs_11
D:4:      layout_basic, minmay_temple_entry_glassed_door,
          uniq_crazy_yiuf_cottage
D:5:      layout_layer_cave, uniq_prince_ribbit1
D:6:      layout_basic, nicolae_vehumet_altar_sigil
D:7:      nicolae_cairo_tiling_large, layout_loops_corners
D:8:      nzn_winding_woodlands_large [nzn_winding_woodlands_hourglass,
          nzn_winding_woodlands_5x15_jagged,
          nzn_winding_woodlands_5x5_perimeter,
          nzn_winding_woodlands_center_lodge,
          nzn_winding_woodlands_15x15_killbox,
          nzn_winding_woodlands_center_pierced_h,
          nzn_winding_woodlands_5x5_closed_star,
          nzn_winding_woodlands_5x15_pathside_ponds,
          nzn_winding_woodlands_5x5_checkerboard], layout_rooms,
          minmay_crystal_room
D:9:      cheibrodos_ideogram_h, layout_cave_pods
D:10:     layout_basic, orc_0_dummy, gammafunk_ghost_stat_death,
          hangedman_incinerator, uniq_snorg
D:11:     layout_long_grid, due_lair_maze_entry_diamond,
          nicolae_trove_entry_isolated
D:12:     erik_rubicon_a, layout_basic
Temple:   minmay_crystal_snake_temple
Lair:1:   layout_misc_corridors, serial_bayou_shore_b, uniq_fannar
Lair:2:   layout_cave_pods, grunt_forest_large_clearings, lemuel_fruit_fields
Lair:3:   layout_regular_city, nicolae_swamp_entry_spooky, dummy_snake_entry,
          bobbens_dragon_lair_wall
Lair:4:   layout_cave_pods, slime_entry_1, gammafunk_ghost_arena,
          lemuel_fruit_tree, infiniplex_staircase_pool, grunt_megastairs_1,
          serial_bayou_shore_b
Lair:5:   due_jungle_book, layout_cave_pods

Skill      XL: |  1  2  3  4  5  6  7  8  9 10 11 12 13 14 |
---------------+-------------------------------------------+-----
Axes           | 3 4 5 7 9 11 12 14 15 16 | 16.0
Shields        | 1 2 3 4 6 9 11 | 11.6
Armour         | 4 6 8 10 12 13 | 13.9
Fighting       | 5 7 9 11 | 11.6
Dodging        | 2 5 |  5.5

Action                     |  1- 3 |  4- 6 |  7- 9 | 10-12 | 13-15 || total
---------------------------+-------+-------+-------+-------+-------++-------
  Melee: Hand axe          |   138 |   190 |   280 |       |       ||   608
         War axe           |       |       |   142 |   260 |   281 ||   683
         Flail             |       |       |       |   301 |  1000 ||  1301
         Whip              |       |       |       |   109 |       ||   109
         Kick              |       |       |       |   137 |   252 ||   389
  Throw: Boomerang         |       |     2 |     7 |     5 |    13 ||    27
         Throwing net      |       |       |       |     1 |       ||     1
 Invoke: Berserk           |     1 |     3 |     9 |    20 |    12 ||    45
         Trog's Hand       |       |       |     1 |     3 |     4 ||     8
         Brothers in Arms  |       |       |       |     4 |     1 ||     5
  Evoke: Wand              |       |       |       |     1 |     1 ||     2
    Use: Potion            |       |       |     4 |     4 |       ||     8
         Scroll            |       |       |       |     5 |     6 ||    11
   Stab: Distracted        |       |       |       |     1 |       ||     1
 Armour: Ring mail         |    80 |    52 |       |       |       ||   132
         Plate armour      |       |    80 |   280 |   542 |     9 ||   911
         Skin              |       |       |    12 |       |       ||    12
         Scale mail        |       |       |       |       |   724 ||   724
  Dodge: Dodged            |    73 |    62 |   101 |   136 |   299 ||   671
  Block: Buckler           |    11 |    36 |    91 |   152 |       ||   290
         Reflection        |       |       |       |    35 |     9 ||    44
         Kite shield       |       |       |       |   231 |   813 ||  1044

Table legend: (Time is in decaauts)
 A = Elapsed time spent in this place.
 B = Non-inter-level travel time spent in this place.
 C = Inter-level travel time spent in this place.
 D = Time resting spent in this place.
 E = Time spent auto-exploring this place.
 F = Levels seen in this place.
 G = Mean time per level.
                   A        B        C        D        E       F      G
               +--------+--------+--------+--------+--------+-----+--------+
         Total |  22588 |  21402 |   1186 |   4266 |   8293 |  18 | 1254.9 |
       Dungeon |  15043 |  14126 |    917 |   2776 |   5122 |  12 | 1253.6 |
        Temple |     69 |      1 |     68 |      0 |      0 |   1 |   69.0 |
          Lair |   7475 |   7274 |    201 |   1489 |   3171 |   5 | 1495.0 |
               +--------+--------+--------+--------+--------+-----+--------+

Top non-repeatable levels by time:
     D:8: 2167 daAuts
  Lair:5: 2139 daAuts
    D:10: 1686 daAuts
     D:5: 1678 daAuts
  Lair:3: 1672 daAuts
  Lair:2: 1663 daAuts
     D:9: 1571 daAuts
     D:7: 1478 daAuts
     D:6: 1250 daAuts
  Lair:4: 1199 daAuts
     D:2: 1053 daAuts
    D:11: 1034 daAuts
     D:3: 943 daAuts
     D:4: 917 daAuts
     D:1: 902 daAuts
